NCAA
VIRGINIA TECH HOKIES @ VILLANOVA WILDCATS
05/28/2027
 
TOP OF THE 1ST
Virginia Tech Hokies batting - Pitching for Villanova Wildcats : RHP Dan Jones
Pitching: RHP Dan Jones
Batting: RHB César Rodríguez 0-0: Ball
1-0: Bunt missed!
1-1: Swinging Strike
1-2: Foul Ball, location: 2F
1-2: Ball
2-2: Foul Ball, location: 2F
2-2: Ball
3-2: Foul Ball, location: 2F
3-2: Foul Ball, location: 2F
3-2: Strikes out looking
Batting: RHB Eric Clay 0-0: Ball
1-0: Foul Ball, location: 2F
1-1: Ball
2-1: Foul Ball, location: 2F
2-2: Foul Ball, location: 2F
2-2: Foul Ball, location: 2F
2-2: Ball
3-2: Foul Ball, location: 2F
3-2: Base on Balls
Batting: LHB Juan Carlos Manuel 0-0: Foul Ball, location: 2F
0-1: Ball
1-1: Called Strike
1-2: Ball
2-2: SINGLE (Groundball, 4MD)
Eric Clay to second
Batting: RHB Lawrence Ware 0-0: Ball
1-0: Fly out, F9 (Flyball, 9S)
Batting: RHB Clay Smith 0-0: Called Strike
0-1: Swinging Strike
0-2: Ball
1-2: Ball
2-2: Strikes out looking
Top of the 1st over - 0 run(s), 1 hit(s), 0 error(s), 2 left on base; Virginia Tech 0 - Villanova 0
BOTTOM OF THE 1ST
Villanova Wildcats batting - Pitching for Virginia Tech Hokies : RHP Dale Bennett
Pitching: RHP Dale Bennett
Batting: RHB Juan Romero 0-0: Ball
1-0: Ball
2-0: Ball
3-0: Base on Balls
Batting: RHB Jonathan Davis 0-0: Ball
1-0: Swinging Strike
1-1: Foul Ball, location: 2F
1-2: Ball
2-2: Fielders Choice at 2nd, 1-6 (Groundball, 13S)
Batting: RHB Robbie Anderson 0-0: Called Strike
0-1: Ball
1-1: Foul Ball, location: 2F
1-2: Foul Ball, location: 2F
1-2: Grounds into double play, 4-6-3 (Groundball, 34)
Bottom of the 1st over - 0 run(s), 0 hit(s), 0 error(s), 0 left on base; Virginia Tech 0 - Villanova 0
TOP OF THE 2ND
Virginia Tech Hokies batting - Pitching for Villanova Wildcats : RHP Dan Jones
Batting: RHB Rob Fleming 0-0: Called Strike
0-1: Ball
1-1: Fly out, F8 (Flyball, 8LM)
Batting: RHB Nathan Taylor 0-0: Ball
1-0: Ball
2-0: Ball
3-0: Base on Balls
Batting: RHB Elliott Short 0-0: Ball
1-0: Ball
2-0: Called Strike
2-1: Ball
3-1: Called Strike
Pickoff Throw by Catcher to First - Error! E2
Nathan Taylor to second
3-2: Strikes out swinging
Batting: RHB Dusty Green 0-0: Fly out, F8 (Flyball, 8LM)
Top of the 2nd over - 0 run(s), 0 hit(s), 1 error(s), 1 left on base; Virginia Tech 0 - Villanova 0
BOTTOM OF THE 2ND
Villanova Wildcats batting - Pitching for Virginia Tech Hokies : RHP Dale Bennett
Batting: RHB Steve Smith 0-0: Ball
1-0: Fly out, F5 (Popup, 5D)
Batting: RHB Martín Flores 0-0: Foul Ball, location: 2F
0-1: Ball
1-1: SOLO HOME RUN (Flyball, 7D), Distance : 348 ft
Batting: RHB Jason Smith 0-0: Ball
1-0: Ball
2-0: Foul Ball, location: 2F
2-1: Ball
3-1: Base on Balls
Batting: RHB Reynaldo Gómez Pickoff Throw to First - Error! E1
Jason Smith to second
0-0: Ground out 5-3 (Groundball, 5S)
Jason Smith to third
Batting: RHB Heath Hall 0-0: Foul Ball, location: 2F
0-1: Swinging Strike
0-2: SINGLE (Line Drive, 6)
Jason Smith scores
Batting: SHB Will Combs 0-0: Ball
1-0: Ball
2-0: Ball
3-0: Base on Balls
Heath Hall to second
Batting: RHB Juan Romero 0-0: Swinging Strike
0-1: Ball
1-1: Foul Ball, location: 2F
1-2: Ball
2-2: Foul Ball, location: 2F
2-2: SINGLE (Groundball, 4MD)
Heath Hall to third
Will Combs to second
Runner from 3rd tries for Home, SAFE, no throw
Batting: RHB Jonathan Davis 0-0: Called Strike
0-1: Ground out 5-3 (Groundball, 5S)
Bottom of the 2nd over - 3 run(s), 3 hit(s), 1 error(s), 2 left on base; Virginia Tech 0 - Villanova 3
TOP OF THE 3RD
Virginia Tech Hokies batting - Pitching for Villanova Wildcats : RHP Dan Jones
Batting: RHB César Rodríguez 0-0: Ball
1-0: Ball
2-0: Swinging Strike
2-1: Called Strike
2-2: Ball
3-2: Strikes out looking
Batting: RHB Eric Clay 0-0: Called Strike
0-1: Called Strike
0-2: Ball
1-2: Ball
2-2: Strikes out looking
Batting: LHB Juan Carlos Manuel 0-0: Ball
1-0: Called Strike
1-1: Ball
2-1: Ball
3-1: Fly out, F4 (Line Drive, 4M)
Top of the 3rd over - 0 run(s), 0 hit(s), 0 error(s), 0 left on base; Virginia Tech 0 - Villanova 3
BOTTOM OF THE 3RD
Villanova Wildcats batting - Pitching for Virginia Tech Hokies : RHP Dale Bennett
Batting: RHB Robbie Anderson 0-0: Ball
1-0: Ball
2-0: Called Strike
2-1: Swinging Strike
2-2: Ground out 4-3 (Groundball, 4)
Batting: RHB Steve Smith 0-0: Ball
1-0: Ball
2-0: Foul Ball, location: 2F
2-1: Called Strike
2-2: Foul Ball, location: 2F
2-2: Ball
3-2: Base on Balls
Batting: RHB Martín Flores 0-0: Foul Ball, location: 2F
0-1: Ball
Wild Pitch!
Steve Smith to second
1-1: Ball
2-1: Ball
3-1: Foul Ball, location: 2F
3-2: Foul Ball, location: 2F
3-2: Fly out, F7 (Flyball, 7S)
Batting: RHB Jason Smith 0-0: Ball
1-0: Called Strike
1-1: Called Strike
1-2: Ball
2-2: Ball
3-2: Fly out, F5 (Popup, 56)
Bottom of the 3rd over - 0 run(s), 0 hit(s), 0 error(s), 1 left on base; Virginia Tech 0 - Villanova 3
TOP OF THE 4TH
Virginia Tech Hokies batting - Pitching for Villanova Wildcats : RHP Dan Jones
Batting: RHB Lawrence Ware 0-0: Foul Ball, location: 2F
0-1: Foul Ball, location: 2F
0-2: Foul Ball, location: 2F
0-2: Ball
1-2: Ball
2-2: Fly out, F9 (Flyball, 9S)
Batting: RHB Clay Smith 0-0: Foul Ball, location: 2F
0-1: Swinging Strike
0-2: Strikes out swinging
Batting: RHB Rob Fleming 0-0: Ball
1-0: Foul Ball, location: 2F
1-1: Foul Ball, location: 2F
1-2: SINGLE (Line Drive, 56)
Batting: RHB Nathan Taylor 0-0: Ball
1-0: Foul Ball, location: 2F
1-1: Ball
Rob Fleming is caught stealing 2nd base
Top of the 4th over - 0 run(s), 1 hit(s), 0 error(s), 0 left on base; Virginia Tech 0 - Villanova 3
BOTTOM OF THE 4TH
Villanova Wildcats batting - Pitching for Virginia Tech Hokies : RHP Dale Bennett
Batting: RHB Reynaldo Gómez 0-0: Foul Ball, location: 2F
0-1: Foul Ball, location: 2F
0-2: Ball
1-2: Ball
2-2: Strikes out swinging
Batting: RHB Heath Hall 0-0: Ball
1-0: Ball
2-0: Ball
3-0: Called Strike
3-1: Base on Balls
Batting: SHB Will Combs 0-0: Ball
1-0: Ball
2-0: Ball
3-0: Called Strike
3-1: Base on Balls
Heath Hall to second
Pitching: RHP John Arnold
Batting: RHB Juan Romero 0-0: Ball
1-0: Ball
2-0: Ball
3-0: Base on Balls
Heath Hall to third
Will Combs to second
Batting: RHB Jonathan Davis 0-0: Called Strike
0-1: Ball
1-1: Fly out, F9 (Line Drive, 9S)
Batting: RHB Robbie Anderson 0-0: Ball
1-0: Swinging Strike
1-1: Called Strike
1-2: Foul Ball, location: 2F
1-2: Ball
2-2: Strikes out looking
Bottom of the 4th over - 0 run(s), 0 hit(s), 0 error(s), 3 left on base; Virginia Tech 0 - Villanova 3
TOP OF THE 5TH
Virginia Tech Hokies batting - Pitching for Villanova Wildcats : RHP Dan Jones
Batting: RHB Nathan Taylor 0-0: Ball
1-0: Swinging Strike
1-1: Ball
2-1: Foul Ball, location: 2F
2-2: Foul Ball, location: 2F
2-2: Fly out, F9 (Flyball, 89M)
Pitching: RHP Kirk Stewart
Batting: RHB Elliott Short 0-0: Called Strike
0-1: Ball
1-1: Ball
2-1: Ball
3-1: Called Strike
3-2: Foul Ball, location: 2F
3-2: Base on Balls
Batting: RHB Dusty Green 0-0: Ball
1-0: Called Strike
1-1: Ball
2-1: Swinging Strike
2-2: Strikes out swinging
Batting: RHB César Rodríguez 0-0: Called Strike
0-1: Fielders Choice at 2nd, 4-6 (Groundball, 4)
Top of the 5th over - 0 run(s), 0 hit(s), 0 error(s), 0 left on base; Virginia Tech 0 - Villanova 3
BOTTOM OF THE 5TH
Villanova Wildcats batting - Pitching for Virginia Tech Hokies : RHP John Arnold
Batting: RHB Steve Smith 0-0: Ball
1-0: Ball
2-0: Foul Ball, location: 2F
2-1: Ball
3-1: Base on Balls
Batting: RHB Martín Flores 0-0: Called Strike
0-1: Swinging Strike
0-2: Strikes out swinging
Batting: RHB Jason Smith 0-0: Foul Ball, location: 2F
0-1: Ball
1-1: Foul Ball, location: 2F
1-2: Strikes out swinging
Batting: RHB Reynaldo Gómez 0-0: Ball
1-0: Fielders Choice at 2nd, 5-4 (Groundball, 56)
Bottom of the 5th over - 0 run(s), 0 hit(s), 0 error(s), 0 left on base; Virginia Tech 0 - Villanova 3
TOP OF THE 6TH
Virginia Tech Hokies batting - Pitching for Villanova Wildcats : RHP Kirk Stewart
Batting: RHB Eric Clay 0-0: Ball
1-0: Foul Ball, location: 2F
1-1: Ball
2-1: Called Strike
2-2: Ball
3-2: Base on Balls
Batting: LHB Juan Carlos Manuel 0-0: Called Strike
0-1: Foul Ball, location: 2F
0-2: Fly out, F3 (Popup, 34S)
Batting: RHB Lawrence Ware 0-0: Ball
1-0: Ball
2-0: Ground out 5-3 (Groundball, 5S)
Eric Clay to second
Batting: RHB Clay Smith 0-0: Foul Ball, location: 2F
0-1: Ball
1-1: Swinging Strike
1-2: Strikes out swinging
Top of the 6th over - 0 run(s), 0 hit(s), 0 error(s), 1 left on base; Virginia Tech 0 - Villanova 3
BOTTOM OF THE 6TH
Villanova Wildcats batting - Pitching for Virginia Tech Hokies : RHP John Arnold
Batting: RHB Heath Hall 0-0: Ball
1-0: Swinging Strike
1-1: Swinging Strike
1-2: Strikes out swinging
Batting: SHB Will Combs 0-0: Foul Ball, location: 2F
0-1: Ball
1-1: Ball
2-1: Foul Ball, location: 2F
2-2: Foul Ball, location: 2F
2-2: Foul Ball, location: 2F
2-2: Strikes out swinging
Batting: RHB Juan Romero 0-0: Ball
1-0: Ball
2-0: Ball
3-0: Base on Balls
Batting: RHB Jonathan Davis 0-0: Ball
1-0: Ball
2-0: Ball
3-0: Called Strike
3-1: Foul Ball, location: 2F
3-2: Foul Ball, location: 2F
3-2: Fly out, F6 (Popup, 4MD)
Bottom of the 6th over - 0 run(s), 0 hit(s), 0 error(s), 1 left on base; Virginia Tech 0 - Villanova 3
TOP OF THE 7TH
Virginia Tech Hokies batting - Pitching for Villanova Wildcats : RHP Kirk Stewart
Batting: RHB Rob Fleming 0-0: Ground out 5-3 (Groundball, 25)
Batting: RHB Nathan Taylor 0-0: Ball
1-0: SINGLE (Line Drive, 78S)
Batting: RHB Elliott Short 0-0: Called Strike
0-1: Fly out, F8 (Flyball, 8RM)
Batting: RHB Dusty Green 0-0: Ball
1-0: Foul Ball, location: 2F
1-1: Swinging Strike
1-2: Ball
2-2: Strikes out looking
Top of the 7th over - 0 run(s), 1 hit(s), 0 error(s), 1 left on base; Virginia Tech 0 - Villanova 3
BOTTOM OF THE 7TH
Villanova Wildcats batting - Pitching for Virginia Tech Hokies : RHP John Arnold
Batting: RHB Robbie Anderson 0-0: Fly out, F9 (Flyball, 9LSF)
Batting: RHB Steve Smith 0-0: Ball
1-0: Ball
2-0: Ball
3-0: Called Strike
3-1: Swinging Strike
3-2: Foul Ball, location: 2F
3-2: Base on Balls
Pitching: RHP Mario Rangel
Batting: RHB Martín Flores 0-0: Ball
1-0: Ball
2-0: Ball
3-0: Base on Balls
Steve Smith to second
Batting: RHB Jason Smith 0-0: Ball
1-0: Ball
2-0: Called Strike
2-1: Foul Ball, location: 2F
2-2: Ball
3-2: Base on Balls
Steve Smith to third
Martín Flores to second
Batting: RHB Reynaldo Gómez 0-0: Ball
1-0: SINGLE (Line Drive, 56D)
Steve Smith scores
Martín Flores to third
Jason Smith to second
Runner from 3rd tries for Home, SAFE, no throw
Batting: RHB Heath Hall 0-0: Ball
1-0: Called Strike
1-1: Called Strike
1-2: Strikes out swinging
Batting: SHB Will Combs 0-0: Ball
1-0: Ground out U3 (Groundball, 34S)
Bottom of the 7th over - 2 run(s), 1 hit(s), 0 error(s), 2 left on base; Virginia Tech 0 - Villanova 5
TOP OF THE 8TH
Virginia Tech Hokies batting - Pitching for Villanova Wildcats : RHP Kirk Stewart
Batting: RHB César Rodríguez 0-0: Called Strike
0-1: Ball
1-1: Ball
2-1: Ball
3-1: Foul Ball, location: 2F
3-2: Strikes out swinging
Batting: RHB Eric Clay 0-0: Foul Ball, location: 2F
0-1: Ball
1-1: Swinging Strike
1-2: Strikes out swinging
Batting: LHB Juan Carlos Manuel 0-0: Called Strike
0-1: Single, Error in OF, E9, batter to second base
Pitching: RHP Bill Pearson
Batting: RHB Lawrence Ware 0-0: Called Strike
0-1: Ball
1-1: Ball
2-1: Ball
3-1: Foul Ball, location: 2F
3-2: Base on Balls
Batting: RHB Clay Smith 0-0: Foul Ball, location: 2F
0-1: SINGLE (Groundball, 5D)
Juan Carlos Manuel to third
Lawrence Ware to second
Runner from 3rd tries for Home, SAFE, no throw
Batting: RHB Rob Fleming 0-0: Ball
1-0: Called Strike
1-1: Ball
2-1: Foul Ball, location: 2F
2-2: Reached on error, E4 (Groundball, 4)
Lawrence Ware to third
Clay Smith to second
Batting: RHB Nathan Taylor 0-0: Called Strike
0-1: Ball
1-1: Foul Ball, location: 2F
1-2: Fly out, F9 (Flyball, 9LMF)
Top of the 8th over - 1 run(s), 2 hit(s), 2 error(s), 3 left on base; Virginia Tech 1 - Villanova 5
BOTTOM OF THE 8TH
Villanova Wildcats batting - Pitching for Virginia Tech Hokies : RHP Mario Rangel
Batting: RHB Juan Romero 0-0: Called Strike
0-1: Swinging Strike
0-2: Strikes out swinging
Batting: RHB Jonathan Davis 0-0: Ball
1-0: Ball
2-0: Foul Ball, location: 2F
2-1: Swinging Strike
2-2: Strikes out swinging
Batting: RHB Robbie Anderson 0-0: Called Strike
0-1: Swinging Strike
0-2: Ball
1-2: Ground out 6-3 (Groundball, 6)
Bottom of the 8th over - 0 run(s), 0 hit(s), 0 error(s), 0 left on base; Virginia Tech 1 - Villanova 5
TOP OF THE 9TH
Virginia Tech Hokies batting - Pitching for Villanova Wildcats : RHP Bill Pearson
Pitching: RHP Armando López
Batting: RHB Elliott Short 0-0: Ball
1-0: Ball
2-0: Ground out 1-3 (Groundball, 15)
Batting: RHB Dusty Green 0-0: Fly out, F8 (Line Drive, 89M)
Batting: RHB César Rodríguez 0-0: Called Strike
0-1: Ball
1-1: Ground out 4-3 (Groundball, 4)
Top of the 9th over - 0 run(s), 0 hit(s), 0 error(s), 0 left on base; Virginia Tech 1 - Villanova 5
Thursday, March 30th, 2017 - OOTP Baseball 17.12 Build 75